 Dungeon Crawl Stone Soup version 0.29-a0-866-g0545e20025 (webtiles) character file.

Game seed: 5372864319771583137

83476 Conn the Arsonist (level 15, -4/77 HPs)
             Began as an Octopode Fire Elementalist on July 17, 2022.
             Was an Elder of Sif Muna.
             Slain by a vault guard
             ... wielding a +0 great sword
              (31 damage)
             ... on level 14 of the Dungeon.
             The game lasted 01:57:08 (37503 turns).

Conn the Arsonist (Octopode Fire Elementalist)     Turns: 37503, Time: 01:57:09

Health: -4/77      AC:  6    Str:  8    XL:     15   Next: 77%
Magic:  0/32       EV: 15    Int: 33    God:    Sif Muna [****..]
Gold:   326        SH:  3    Dex: 12    Spells: 6/40 levels left

rFire   + + .      SeeInvis .   a - staff of fire
rCold   x . .      Faith    .   T - +0 buckler
rNeg    + . .      Spirit   .   U - +1 hat
rPois   .          Reflect  .   X - amulet of regeneration
rElec   .          Harm     .   t - ring of willpower
rCorr   .          Rampage  .   f - +6 ring of intelligence
Will    ++...                   F - ring of wizardry
Stlth   ++++......              H - ring of positive energy
HPRegen 1.02/turn               Y - ring of flight
MPRegen 0.23/turn               B - ring of fire
                                Z - +4 ring of protection
                                (no ring)

@: flying, studying Dodging
A: almost no armour, amphibious, 8 rings, camouflage 1, gelatinous body 1,
(nimble swimmer 1), tentacles, clever 1, frail 1
a: Renounce Religion, Channel Magic, Forget Spell, Divine Exegesis


You were on level 14 of the Dungeon.
You worshipped Sif Muna.
Sif Muna was greatly pleased with you.
You visited 4 branches of the dungeon, and saw 23 of its levels.
You also visited: Ossuary and Volcano.

You collected 2266 gold pieces.
You spent 1940 gold pieces at shops.

Inventory:

Hand Weapons
 b - the +2 long sword of Gehenna {vamp, Int+4}
   (You took it off a gnoll sergeant on level 9 of the Dungeon)

   It occasionally heals its wielder for a portion of the damage dealt when it
   wounds a living foe.
   Int:       It affects your intelligence (+4).
 G - a +3 scythe of pain
 Q - a +5 vorpal dagger
Missiles
 w - 40 poisoned darts
 z - 2 curare-tipped darts
 R - 2 throwing nets
 S - 10 silver javelins
Armour
 T - a +0 buckler (worn)
 U - a +1 hat (worn)
Magical Staves
 a - a staff of fire (weapon)
Jewellery
 f - a +6 ring of intelligence (right tentacle)
 t - a ring of willpower (left tentacle)
 y - the amulet of the Air {Inacc Air Fly rElec RMsl}
   (You found it on level 6 of the Lair of Beasts)

   [amulet of nothing]

   It reduces the accuracy of all your attacks.
   It enhances your air magic.
   rElec:     It insulates you from electricity.
   Fly:       It grants you flight.
   RMsl:      It protects you from missiles.
 B - a ring of fire (on tentacle)
 F - a ring of wizardry (on tentacle)
 H - a ring of positive energy (on tentacle)
 X - an amulet of regeneration (around mantle)
 Y - a ring of flight (on tentacle)
 Z - a +4 ring of protection (on tentacle)
Wands
 A - a wand of digging (14)
 D - a wand of roots (15)
 M - a wand of paralysis (5)
 O - a wand of quicksilver (2)
 W - a wand of polymorph (17)
Scrolls
 d - 4 scrolls of identify
 e - 9 scrolls of teleportation
 g - 3 scrolls of fear
 i - 5 scrolls of blinking
 n - 7 scrolls of immolation
 q - 4 scrolls of amnesia
 r - 3 scrolls of poison
 v - 3 scrolls of magic mapping
 J - a scroll of summoning
 V - 2 scrolls of fog
Potions
 c - a potion of heal wounds
 h - 3 potions of might
 j - 4 potions of haste
 l - 4 potions of attraction
 m - a potion of ambrosia
 o - 4 potions of curing
 u - 3 potions of resistance
 x - 5 potions of brilliance
 C - 2 potions of cancellation
 E - 2 potions of magic
 I - 3 potions of mutation
 K - 6 potions of berserk rage
 L - a potion of invisibility
 N - 3 potions of lignification
Miscellaneous
 s - a condenser vane


   Skills:
 + Level 2.5 Fighting
 + Level 1.4 Short Blades
 + Level 0.2(1.0) Long Blades
 + Level 3.4(3.6) Polearms
 + Level 1.7(2.8) Staves
 * Level 7.2 Dodging
 + Level 6.2 Stealth
 + Level 13.3 Spellcasting
 * Level 11.9 Conjurations
 + Level 4.0 Hexes
 - Level 6.2 Necromancy
 + Level 6.5 Translocations
 + Level 13.9 Fire Magic
 + Level 0.5 Air Magic
 + Level 0.1 Poison Magic
 * Level 10.2 Invocations


You had 6 spell levels left.
You knew the following spells:

 Your Spells              Type           Power      Damage    Failure   Level
a - Foxfire               Conj/Fire      100%       2x1d9     0%          1
b - Conjure Flame         Conj/Fire      100%       6-21      1%          3
c - Inner Flame           Hex/Fire       100%       N/A       1%          3
d - Flame Wave            Conj/Fire      100%       2d17      1%          4
e - Scorch                Fire           100%       2d10      0%          2
f - Anguish               Hex/Necr       27%        N/A       1%          4
g - Fireball              Conj/Fire      63%        3d24      1%          5
h - Iskenderun's Battles  Conj           79%        2d13      1%          5
i - Iskenderun's Mystic   Conj/Tloc      70%        2d14      1%          4
j - Mephitic Cloud        Conj/Pois/Air  49%        N/A       1%          3

Your spell library contained the following spells:

 Spells                   Type           Power      Damage    Failure   Level
 Ensorcelled Hibernation  Hex/Ice        70%        N/A       1%          2
 Static Discharge         Conj/Air       58%        3-11/arc  1%          2
 Sublimation of Blood     Necr           58%        N/A       1%          2
 Wereblood                Tmut           21%        N/A       1%          2
 Dazzling Flash           Conj/Hex       100%       N/A       1%          3
 Starburst                Conj/Fire      63%        6d17      1%          6
 Lightning Bolt           Conj/Air       29%        1d45      2%          5
 Frozen Ramparts          Ice            42%        1d6       3%          3
 Spider Form              Tmut/Pois      22%        N/A       3%          3
 Corpse Rot               Necr/Pois/Air  37%        N/A       4%          4
 Airstrike                Air            12%        0-5+      9%          4
 Summon Lightning Spire   Summ/Air       23%        N/A       11%         4
 Summon Ice Beast         Ice/Summ       21%        N/A       12%         4
 Conjure Ball Lightning   Conj/Air       29%        3x3d8     13%         6
 Simulacrum               Ice/Necr       21%        N/A       41%         6
 Orb of Destruction       Conj           39%        9d11      7%          7
 Malign Gateway           Summ/Tloc      21%        N/A       91%         7
 Storm Form               Tmut/Air       11%        N/A       100%        7
 Summon Hydra             Summ           10%        N/A       100%        7


Dungeon Overview and Level Annotations

Branches:
Dungeon (14/15)            Temple (1/1) D:6            Lair (6/6) D:8
  Swamp (0/4) Lair:4        Snake (0/4) Lair:3        Slime (0/5) Lair:6
    Orc (2/2) D:9             Elf (0/3) Orc:2       Ossuary (visited)
Volcano (visited)
 Vaults: D:13-14

Altars:
Ashenzari
Cheibriados
Dithmenos
Elyvilon
Fedhas
Gozag
Hepliaklqana
Kikubaaqudgha
Makhleb
Nemelex Xobeh
Okawaru
Qazlal
Ru
Sif Muna
Trog
Uskayaw
Vehumet
Wu Jian
Xom
Yredelemnul
Zin
The Shining One
Jiyva

Shops:
D:4 (   D:6 *   D:10 =(?:   D:11 (   D:13 *   Orc:1 :   Orc:2 :([?

Annotations:
D:4 2 transporters, edwat's ghost, amateur DrIE


Innate Abilities, Weirdness & Mutations

You cannot wear most types of armour.
You are amphibious.
You can wear up to eight rings at the same time.
Your skin changes colour to match your surroundings (Stealth+).
Your rubbery body absorbs attacks. (AC +1, EV +1)
((You are camouflaged when in or above water. (Stealth+)))
You have tentacles for arms and can constrict up to eight enemies at once.
Your mind is acute. (Int +4, Str/Dex -1)
You are frail. (-10% HP)


Message History

You hit the vault guard but do no damage.
You burn the vault guard.
Flame seeps out of the vault guard.
Your grab misses the vault guard.
The vault guard is heavily wounded.
The vault guard is engulfed in blazing flames.
Flame seeps out of the vault guard.
The vault guard hits you with a +0 great sword!!
You barely miss the vault guard. You grab the vault guard.
You tentacle-slap the vault guard, but do no damage.
The vault guard is heavily wounded.
You constrict the vault guard, but do no damage.
The vault guard is engulfed in blazing flames.
Flame seeps out of the vault guard.
The vault guard hits you with a +0 great sword!!
You feel much better.
You constrict the vault guard.
Flame seeps out of the vault guard.
The vault guard is engulfed in blazing flames.
Flame seeps out of the vault guard.
The vault guard closely misses you.
Casting: Foxfire (safe; 0% risk of failure)
Confirm with . or Enter, or press ? or * to list all spells.
You feel a strong surge of power!
You conjure some foxfire!
You constrict the vault guard, but do no damage.
You block the vault guard's attack.
You release your grip on the vault guard.
The vault guard attacks as you move away!
The vault guard completely misses you.
The foxfire hits the vault guard but does no damage.
The vault guard is almost dead.
The foxfire hits the vault guard but does no damage.
The vault guard is almost dead.
You hit the vault guard but do no damage.
Your grab misses the vault guard.
The vault guard is almost dead.
The vault guard hits you with a +0 great sword!!
The vault guard hits you with a +0 great sword.
Casting: Foxfire (safe; 0% risk of failure)
Confirm with . or Enter, or press ? or * to list all spells.
You feel a strong surge of power!
You conjure some foxfire!
The vault guard hits you with a +0 great sword!!
You die...

...#
##....#..........
...#
#..#..#..#....p..
...#
#.###...###......
...#
#..#.....#.......
...#
##...###.........
...#
####.###..........
...#
#.....##..........
...#
#.v.#..#..#.......
####
#@v###...###.#####
#p..#..#..#..#
##.#...##....##
#...........##
#######.###########
#.............#
.≈≈≈≈..)).≈≈≈≈.
≈≈≈≈≈≈°).≈≈≈≈≈≈
≈≈≈≈≈≈.).≈≈≈≈≈≈


You could see a vault guard (inner flame, ally target).

Vanquished Creatures
  Saint Roka (Orc:2)
  Gastronok (Lair:2)
  An orc warlord (Orc:2)
  Nessos (Lair:6)
  A dire elephant (Lair:6)
  Snorg (Lair:6)
  4 vault guards (D:14)
  Harold (Lair:2)
  5 boulder beetles
  4 hydras
  2 catoblepae
  6 centaur warriors
  A dancing weapon (Volcano)
  5 two-headed ogres
  A death knight (D:14)
  5 death yaks
  Urug (Lair:6)
  6 wizards
  Pikel (D:5)
  A deep elf pyromancer (D:13)
  2 orc knights
  An oklob plant (Lair:6)
  3 cyclopes
  An ugly thing (D:13)
  2 orc sorcerers
  13 elephants
  4 manticores
  3 black mambas
  2 wolf spiders (Lair:6)
  5 toenail golems (Volcano)
  Joseph (D:7)
  15 cane toads
  An efreet (D:14)
  3 gargoyles
  An unseen horror (D:13)
  5 rime drakes
  6 komodo dragons
  2 kobold demonologists
  11 trolls
  2 meliai (D:14)
  A polar bear (Lair:4)
  Grinder (D:3)
  Prince Ribbit (D:7)
  3 dream sheep (Lair:6)
  9 blink frogs
  3 wraiths
  A centaur simulacrum (D:14)
  Sigmund (D:2)
  3 shadows
  43 yaks
  5 wyverns
  A human (D:14)
  7 basilisks
  2 steam dragons
  Eustachio (D:6)
  4 vampire mosquitoes (D:14)
  Menkaure (D:5)
  7 wargs
  2 acid dragons (D:11)
  19 water moccasins
  A hornet zombie (Ossuary)
  33 orc warriors
  3 ice beasts
  9 ogres
  A sky beast (D:8)
  5 black bears
  9 centaurs
  9 wolves
  A lemure (D:5)
  4 kobold brigands
  2 wyvern zombies (Ossuary)
  15 bullfrogs
  3 gnoll sergeants
  An earth elemental (D:13)
  3 water moccasin zombies (Ossuary)
  3 scorpions
  A necrophage (D:6)
  3 wights (D:6)
  6 killer bees (D:7)
  8 howler monkeys
  An electric eel (D:10)
  6 centaur zombies (Ossuary)
  6 bullfrog zombies (Ossuary)
  6 hounds
  A jelly (D:4)
  Crazy Yiuf (D:5)
  21 orc priests
  5 iguanas
  10 hell rats
  31 orc wizards
  18 mummies (Ossuary)
  A howler monkey zombie (Ossuary)
  17 gnolls
  A white imp (D:6)
  2 dart slugs
  104 orcs
  4 bats
  4 endoplasms
  A giant cockroach (D:4)
  8 goblins
  9 hobgoblins
  13 jackals
  12 kobolds
  4 quokkas
  5 ball pythons
  A frilled lizard (D:1)
  5 rats
  A bush (Lair:5)
  A butterfly (Lair:1)
666 creatures vanquished.

Vanquished Creatures (collateral kills)
  17 foxfires
17 creatures vanquished.

Vanquished Creatures (others)
  A lindwurm (Lair:6)
  A meliai (D:14)
  A kobold (D:10)
  A bush (Lair:4)
  2072 foxfires
  59 fungi
  63 plants
  3 withered plants (Ossuary)
2201 creatures vanquished.

Grand Total: 2884 creatures vanquished

Notes
Turn   | Place    | Note
-------+----------+-------------------------------------------
     0 | D:1      | Conn the Octopode Fire Elementalist began the quest for the
                  | Orb.
     0 | D:1      | Reached XP level 1. HP: 11/11 MP: 3/3
   323 | D:1      | Reached XP level 2. HP: 17/17 MP: 1/5
   657 | D:1      | Found a faded altar of an unknown god.
   782 | D:1      | Reached XP level 3. HP: 21/21 MP: 0/6
  1457 | D:2      | Reached XP level 4. HP: 27/27 MP: 0/7
  1584 | D:2      | You fall into a shaft and drop 2 floors!
  1615 | D:4      | Found a transporter.
  1661 | D:4      | Noticed a scorpion
  1969 | D:2      | Noticed Sigmund
  1978 | D:2      | Killed Sigmund
  1979 | D:2      | Reached skill level 1 in Short Blades
  1979 | D:2      | Reached XP level 5. HP: 7/31 MP: 0/9
  1979 | D:2      | Reached XP level 6. HP: 8/36 MP: 0/10
  2887 | D:3      | Noticed Grinder
  2894 | D:3      | Learned a level 2 spell: Scorch
  2898 | D:3      | Learned a level 3 spell: Conjure Flame
  2902 | D:3      | Learned a level 3 spell: Inner Flame
  2919 | D:3      | Killed Grinder
  2920 | D:3      | Reached skill level 1 in Polearms
  2920 | D:3      | Reached skill level 5 in Stealth
  2920 | D:3      | Reached XP level 7. HP: 29/42 MP: 0/11
  3518 | D:3      | Found an iron altar of Okawaru.
  3519 | D:3      | Found a stormy altar of Qazlal.
  3522 | D:3      | Found a white marble altar of Elyvilon.
  3522 | D:3      | Found a shadowy altar of Dithmenos.
  4304 | D:4      | Found Bics's Weapon Emporium.
  4318 | D:4      | Noticed edwat's ghost (amateur DrIE)
  4319 | D:4      | Found a transporter.
  4332 | D:4      | Learned a level 4 spell: Flame Wave
  5147 | D:5      | Entered Level 5 of the Dungeon
  5309 | D:5      | Reached skill level 1 in Fighting
  5355 | D:5      | Reached skill level 5 in Fire Magic
  5419 | D:5      | Noticed Menkaure
  5429 | D:5      | Killed Menkaure
  5430 | D:5      | Reached XP level 8. HP: 48/48 MP: 6/14
  5613 | D:5      | Noticed Pikel
  5624 | D:5      | Killed Pikel
  5769 | D:5      | Reached skill level 5 in Spellcasting
  6271 | D:5      | Reached XP level 9. HP: 40/53 MP: 9/17
  6546 | D:5      | Found a runed translucent door.
  6547 | D:5      | Noticed Crazy Yiuf
  6553 | D:5      | Killed Crazy Yiuf
  6554 | D:5      | Reached skill level 5 in Conjurations
  7725 | D:6      | Noticed Eustachio
  7730 | D:6      | Killed Eustachio
  7843 | D:6      | Found Cesuapli's Fire Supplies.
  7919 | D:6      | Found a staircase to the Ecumenical Temple.
  7929 | Temple   | Entered the Ecumenical Temple
  8007 | Temple   | Became a worshipper of Sif Muna the Loreminder
  8222 | D:7      | Noticed Joseph
  8234 | D:7      | Killed Joseph
  8248 | D:7      | Reached XP level 10. HP: 54/60 MP: 1/21
  9392 | D:7      | Noticed Prince Ribbit
  9396 | D:7      | Killed Prince Ribbit
  9644 | D:8      | Reached skill level 1 in Hexes
  9712 | D:8      | Reached * piety under Sif Muna
  9965 | D:8      | Found a staircase to the Lair.
 10357 | D:8      | Found a sand-covered staircase.
 10364 | Ossuary  | Entered an ossuary
 10482 | Ossuary  | Reached ** piety under Sif Muna
 10483 | Ossuary  | Reached skill level 1 in Invocations
 10620 | Ossuary  | Reached skill level 1 in Staves
 11326 | Ossuary  | Reached XP level 11. HP: 64/64 MP: 16/23
 12169 | D:9      | Identified the +2 long sword of Gehenna {vamp, Int+4}
 12594 | D:9      | Identified a scroll of acquirement
 12594 | D:9      | Acquired a +6 ring of intelligence
 12946 | D:10     | Entered Level 10 of the Dungeon
 12962 | D:10     | Noticed a two-headed ogre
 12980 | D:10     | Killed a two-headed ogre
 12984 | D:10     | Reached *** piety under Sif Muna
 12985 | D:10     | Reached skill level 10 in Fire Magic
 12988 | D:10     | Noticed a two-headed ogre
 12991 | D:10     | Noticed a two-headed ogre
 13622 | D:9      | Found a staircase to the Orcish Mines.
 13695 | D:10     | Killed a two-headed ogre
 13813 | D:10     | Found Komuof's Weapon Emporium.
 13838 | D:10     | Killed a two-headed ogre
 14215 | D:10     | Found Untiuqi's Magic Scroll Boutique.
 14221 | D:10     | Bought a scroll of teleportation for 42 gold pieces
 14221 | D:10     | Bought a scroll of fear for 56 gold pieces
 14609 | D:10     | Found Lueriergh's Jewellery Emporium.
 14617 | D:10     | Bought a ring of wizardry for 360 gold pieces
 14840 | D:10     | Found Dystrig's Book Shoppe.
 15010 | D:11     | Noticed a two-headed ogre
 15246 | D:11     | Found Ytsysaopugg's Antique Weapon Boutique.
 15331 | D:11     | Reached XP level 12. HP: 70/70 MP: 16/25
 15744 | D:12     | Reached skill level 10 in Spellcasting
 15751 | D:12     | Reached skill level 5 in Invocations
 16090 | D:11     | Killed a two-headed ogre
 16429 | D:12     | Noticed a boulder beetle
 16439 | D:12     | Learned a level 4 spell: Anguish
 16545 | D:12     | Reached **** piety under Sif Muna
 17063 | D:12     | Killed a boulder beetle
 17362 | Lair:1   | Entered Level 1 of the Lair of Beasts
 17439 | Lair:1   | Learned a level 5 spell: Fireball
 17445 | Lair:1   | Learned a level 5 spell: Iskenderun's Battlesphere
 17711 | Lair:1   | Learned a level 4 spell: Iskenderun's Mystic Blast
 17742 | Lair:1   | Reached skill level 1 in Necromancy
 18001 | Lair:1   | Identified the +6 chain mail of the Wumpus {Str+3 Dex+4}
 18867 | Lair:2   | Noticed Gastronok
 18874 | Lair:2   | Reached skill level 1 in Translocations
 19288 | Lair:2   | Killed Gastronok
 19385 | Lair:2   | Noticed a four-headed hydra
 19390 | Lair:2   | Killed a four-headed hydra
 19833 | Lair:2   | Noticed Harold
 19847 | Lair:2   | Killed Harold
 19848 | Lair:2   | Reached XP level 13. HP: 28/74 MP: 15/27
 20829 | Lair:3   | Found a dark tunnel.
 20835 | Volcano  | Entered a volcano
 21648 | Volcano  | Gained mutation: You are frail. (-10% HP) [potion of
                  | mutation]
 21648 | Volcano  | Gained mutation: One of your tentacles bears a spike.
                  | [potion of mutation]
 21648 | Volcano  | Gained mutation: You sometimes lose your temper in combat.
                  | [potion of mutation]
 21649 | Volcano  | Lost mutation: You are frail. (-10% HP) [potion of
                  | mutation]
 21649 | Volcano  | Lost mutation: One of your tentacles bears a spike. [potion
                  | of mutation]
 21649 | Volcano  | Lost mutation: You sometimes lose your temper in combat.
                  | [potion of mutation]
 21649 | Volcano  | Gained mutation: Your mind is acute. (Int +4, Str/Dex -1)
                  | [potion of mutation]
 21649 | Volcano  | Gained mutation: You are frail. (-10% HP) [potion of
                  | mutation]
 21964 | Lair:3   | Found a staircase to the Snake Pit.
 23503 | Lair:4   | Reached skill level 10 in Conjurations
 24788 | Lair:4   | Found a staircase to the Swamp.
 25514 | Lair:5   | Reached XP level 14. HP: 61/72 MP: 19/29
 25651 | Lair:5   | Reached skill level 5 in Necromancy
 26131 | Lair:6   | Entered Level 6 of the Lair of Beasts
 26132 | Lair:6   | Noticed Urug
 26326 | Lair:6   | Reached skill level 5 in Translocations
 26545 | Lair:5   | HP: 3/72 [poisoned by a black mamba]
 26550 | Lair:5   | HP: 3/72 [poisoned by a black mamba]
 26686 | Lair:6   | Noticed Nessos
 26698 | Lair:6   | Killed Nessos
 26946 | Lair:6   | Noticed Snorg
 26951 | Lair:6   | Killed Snorg
 27024 | Lair:6   | Reached ***** piety under Sif Muna
 27076 | Lair:6   | Found a staircase to the Slime Pits.
 27077 | Lair:6   | Found a viscous altar of Jiyva.
 27657 | Lair:6   | Received a gift from Sif Muna
 27660 | Lair:6   | Got Sif Muna's Grimoire of Illusion and the Birds {god
                  | gift}
 27960 | Lair:6   | Killed Urug
 28302 | Lair:6   | Noticed a dire elephant
 28321 | Lair:6   | Killed a dire elephant
 28810 | Lair:6   | Found the amulet of the Air {Inacc Air Fly rElec RMsl}
 29247 | Lair:6   | Identified the +1 plate armour of Agoraphobia {rC- Slay+4}
 29694 | Orc:1    | Entered Level 1 of the Orcish Mines
 30217 | Orc:1    | Found Dazoyc's Self-Improvement Boutique.
 30234 | Orc:1    | Bought a manual of Dodging for 960 gold pieces
 30342 | Orc:1    | You are sucked into a shaft and drop 1 floor!
 30342 | Orc:2    | Entered Level 2 of the Orcish Mines
 30342 | Orc:2    | Found a staircase to the Elven Halls.
 30768 | Orc:2    | Reached XP level 15. HP: 70/77 MP: 24/31
 30776 | Orc:2    | Noticed an orc warlord
 31400 | Orc:2    | Received a gift from Sif Muna
 31415 | Orc:2    | Got Sif Muna's Catalogue of the Cloudy Snowflakes {god
                  | gift}
 31419 | Orc:2    | Found Gaummua's Magic Scroll Boutique.
 31427 | Orc:2    | Bought a scroll of blinking for 90 gold pieces
 31433 | Orc:2    | Learned a level 3 spell: Mephitic Cloud
 31570 | Orc:2    | HP: 1/77 [orc warrior/+0 glaive (25)]
 32185 | Orc:2    | Killed an orc warlord
 32613 | Orc:2    | Noticed Saint Roka
 32628 | Orc:2    | Killed Saint Roka
 32966 | Orc:2    | Found Aqaguur's Book Emporium.
 33000 | Orc:2    | Found Jifydaco's Antique Armour Boutique.
 33008 | Orc:2    | Found Muett's Antique Weapon Shop.
 33785 | D:10     | Bought a +4 ring of protection for 432 gold pieces
 33900 | D:13     | Reached skill level 5 in Dodging
 34240 | D:13     | Found Ukeikhau's Pet Rocks.
 34634 | D:13     | Reached skill level 10 in Invocations
 37503 | D:14     | Slain by a vault guard

Illustrated notes

Levels and vault maps discovered:
D:1:      dpeg_arrival_circle_labyrinth_c, layout_basic,
          hellmonk_ecumenical_altar_run_dry, hangedman_feature_mirror
D:2:      layout_basic, uniq_sigmund
D:3:      layout_basic, grunt_temple_overflow_open,
          hangedman_decor_clover_reticule, uniq_grinder
D:4:      layout_basic, serial_shops, nicolae_diamond_shop,
          gammafunk_ghost_mausoleum
D:5:      layout_cave_pods, uniq_menkaure, uniq_pikel, uniq_crazy_yiuf_cottage
D:6:      layout_layer_cave, minmay_temple_entry_trees, st_stairs_13,
          nicolae_shop_fire_sale [nicolae_sub_dead_trees], uniq_eustachio
D:7:      layout_loops_ring, chequers_serial_rivers_micro_d, uniq_joseph,
          uniq_prince_ribbit1
D:8:      layout_loops_corners, david_lair_generic, chequers_ossuary_entry_cave,
          dk_vineyard_1
D:9:      layout_irregular_city, kennysheep_orc_monster_closet_entryway
D:10:     layout_basic, serial_shops, nicolae_lakefront_shop,
          nicolae_shop_waterfront, shop_fountains, shop_fountains,
          nicolae_twisting_strands
D:11:     layout_loops_cross, serial_shops, nicolae_shop_hallway_plus,
          kennysheep_nub
D:12:     layout_irregular_city, nicolae_figureground_pulse
D:13:     layout_basic, guppyfry_shop_earth
D:14:     layout_basic, grunt_vaults_entry_fortified, kennysheep_crisscross,
          serial_glass, glass_columns_b, glass_columns_a, minmay_strange_pillars
Temple:   regret_index_temple_chain_breaker
Lair:1:   layout_layer_cave, lemuel_fruit_fields, serial_bayou_shore_b,
          grunt_megastairs_3
Lair:2:   layout_misc_corridors, serial_bayou_pond_b, grunt_megastairs_5,
          uniq_gastronok, uniq_harold
Lair:3:   layout_cave_pods, guppyfry_snake_entry_island,
          nicolae_volcano_entry_hallway
Lair:4:   layout_cave_pods, minmay_swamp_entry_worms, wad_woods_06,
          lemuel_fruit_fields, grunt_megastairs_2
Lair:5:   layout_misc_corridors
Lair:6:   hangedman_lair_in_review, layout_concentric_octagons, slime_entry_1,
          uniq_snorg, uniq_nessos, uniq_urug
Orc:1:    layout_caves, nicolae_shop_self_help
Orc:2:    grunt_orc_community_town_hall, layout_caves,
          grunt_orc_community_big_house_2, grunt_orc_community_big_house_2,
          grunt_orc_community_house_3, grunt_orc_community_house_3,
          grunt_orc_community_house_1, grunt_orc_community_house_3,
          grunt_orc_community_house_1, grunt_orc_community_house_3, basic_altar

Skill      XL: |  1  2  3  4  5  6  7  8  9 10 11 12 13 14 15 |
---------------+----------------------------------------------+-----
Stealth        | 3 4 5 6 |  6.2
Short Blades   | 1 |  1.4
Conjurations   | 2 3 4 6 7 8 9 10 11 | 11.9
Fire Magic     | 4 5 6 7 9 11 12 13 | 13.9
Polearms       | 1 2 3 |  3.4
Spellcasting   | 3 4 5 7 8 9 10 11 12 13 | 13.3
Fighting       | 1 2 |  2.5
Dodging        | 3 7 |  7.2
Hexes          | 1 2 3 4 |  4.0
Invocations    | 1 4 6 8 9 10 | 10.2
Staves         | 1 |  1.7
Necromancy     | 3 4 6 |  6.2
Translocations | 2 4 6 |  6.5
Long Blades    | |  0.2
Air Magic      | |  0.5
Poison Magic   | |  0.1

Action                   |  1- 3 |  4- 6 |  7- 9 | 10-12 | 13-15 || total
-------------------------+-------+-------+-------+-------+-------++-------
Melee: Dagger            |    22 |       |       |     6 |       ||    28
       Constrict         |     6 |     6 |     7 |    15 |     8 ||    42
       Tentacles         |     4 |     3 |     5 |    28 |    21 ||    61
       Rapier            |       |    18 |       |       |       ||    18
       Halberd           |       |    15 |    23 |       |       ||    38
       Staff             |       |       |     8 |    86 |    52 ||   146
       Punch             |       |       |       |     1 |     4 ||     5
       Long sword        |       |       |       |     3 |     8 ||    11
 Cast: Foxfire           |    35 |    51 |   137 |   396 |   588 ||  1207
       Scorch            |       |     2 |    42 |   155 |   233 ||   432
       Conjure Flame     |       |     1 |     2 |    14 |     7 ||    24
       Inner Flame       |       |       |     5 |    30 |    79 ||   114
       Flame Wave        |       |       |     4 |     5 |    51 ||    60
       Anguish           |       |       |       |     2 |    10 ||    12
       Iskenderun's Myst |       |       |       |       |    64 ||    64
       Fireball          |       |       |       |       |    58 ||    58
       Iskenderun's Batt |       |       |       |       |    18 ||    18
       Mephitic Cloud    |       |       |       |       |    15 ||    15
Invok: Channel Magic     |       |       |       |     1 |     7 ||     8
Evoke: Wand              |       |       |       |     4 |     4 ||     8
       Condenser vane    |       |       |       |       |     1 ||     1
  Use: Scroll            |       |       |       |    32 |    12 ||    44
       Potion            |       |       |       |     4 |    13 ||    17
 Stab: Sleeping          |     2 |     7 |       |     3 |     3 ||    15
Armor: Skin              |     2 |     4 |       |    43 |    45 ||    94
Dodge: Dodged            |    15 |    16 |    33 |   125 |   164 ||   353
Block: Buckler           |       |       |       |       |     2 ||     2

Table legend: (Time is in decaauts)
 A = Elapsed time spent in this place.
 B = Non-inter-level travel time spent in this place.
 C = Inter-level travel time spent in this place.
 D = Time resting spent in this place.
 E = Time spent auto-exploring this place.
 F = Levels seen in this place.
 G = Mean time per level.
                   A        B        C        D        E       F      G
               +--------+--------+--------+--------+--------+-----+--------+
         Total |  37535 |  36271 |   1264 |   2951 |  25198 |  25 | 1501.4 |
       Dungeon |  20844 |  19912 |    932 |   1894 |  13540 |  14 | 1488.9 |
        Temple |     98 |     78 |     20 |      0 |     59 |   1 |   98.0 |
          Lair |  11166 |  10871 |    295 |    621 |   8161 |   6 | 1861.0 |
  Orcish Mines |   3289 |   3273 |     16 |    215 |   2110 |   2 | 1644.5 |
       Ossuary |   1033 |   1033 |      0 |      0 |    690 |   1 | 1033.0 |
       Volcano |   1102 |   1102 |      0 |    221 |    638 |   1 | 1102.0 |
               +--------+--------+--------+--------+--------+-----+--------+

Top non-repeatable levels by time:
  Lair:6: 2879 daAuts
   Orc:2: 2391 daAuts
    D:14: 2158 daAuts
  Lair:4: 2129 daAuts
     D:9: 1973 daAuts
    D:13: 1814 daAuts
     D:5: 1764 daAuts
  Lair:1: 1711 daAuts
  Lair:3: 1680 daAuts
    D:10: 1557 daAuts
  Lair:5: 1505 daAuts
    D:12: 1492 daAuts
     D:3: 1433 daAuts
     D:1: 1395 daAuts
     D:4: 1335 daAuts
